 Dungeon Crawl Stone Soup version 0.30-a0-739-gea05faddec (webtiles) character file.

Game seed: 13049543358330262133

66905 Conn the Eclecticist (level 14, -16/71 HPs)
             Began as a Deep Elf Fire Elementalist on Feb 2, 2023.
             Was an Elder of Sif Muna.
             Hit by a large rock thrown by a cyclops (31 damage)
             ... on level 2 of the Orcish Mines on Feb 4, 2023.
             The game lasted 01:55:45 (21525 turns).

Conn the Eclecticist (Deep Elf Fire Elementalist)  Turns: 21525, Time: 01:55:46

Health: -16/71     AC:  9    Str:  5    XL:     14   Next: 81%
Magic:  25/39      EV: 13    Int: 32    God:    Sif Muna [****..]
Gold:   2100       SH:  4    Dex: 17    Spells: 0/51 levels left

rFire   + . .      SeeInvis .    J - staff of fire
rCold   + . .      Faith    .    d - +0 buckler
rNeg    . . .      Spirit   .    Z - +2 leather armour {rF+}
rPois   .          Reflect  .    R - +0 helmet
rElec   .          Harm     .    P - +0 cloak
rCorr   .          Rampage  .    q - +1 pair of gloves
Will    +....      Clarity  +    (no boots)
Stlth   +++++                    B - amulet of magic regeneration
HPRegen 0.31/turn                o - +6 ring of intelligence
MPRegen 0.66/turn                S - ring of ice

@: no status effects
A: thin skeletal structure 1, camouflage 1, clarity
a: Renounce Religion, Channel Magic, Forget Spell, Divine Exegesis


You were on level 2 of the Orcish Mines.
You worshipped Sif Muna.
Sif Muna was greatly pleased with you.
You visited 4 branches of the dungeon, and saw 21 of its levels.
You also visited: Ice Cave and Volcano.

You collected 3284 gold pieces.
You spent 1184 gold pieces at shops.

Inventory:

Hand Weapons
 x - the +1 war axe "Xeupt" {speed, rPois rN++ Will++ Dex-2}
   (You found it on level 5 of the Dungeon)

   Dex:       It affects your dexterity (-2).
   rPois:     It protects you from poison.
   rN:        It greatly protects you from negative energy.
   Will:      It greatly increases your willpower.
 I - the +4 quarterstaff of the Reasonable God {freeze, Int+4}
   (You found it on level 7 of the Dungeon)

   Int:       It affects your intelligence (+4).
 X - a +0 quick blade of flaming
 Y - a +1 longbow of flaming
Missiles
 b - 5 curare-tipped darts
 K - 5 throwing nets
Armour
 d - a +0 buckler (worn)
 q - a +1 pair of gloves (worn)
 P - a +0 cloak (worn)
 R - a +0 helmet (worn)
 Z - a +2 leather armour of fire resistance (worn)
Magical Staves
 y - a staff of cold
 J - a staff of fire (weapon)
Jewellery
 a - a +6 ring of intelligence
 f - a ring of ice
 o - a +6 ring of intelligence (left hand)
 r - a ring of magical power
 B - an amulet of magic regeneration (around neck)
 M - a ring of willpower
 N - a ring of protection from fire
 S - a ring of ice (right hand)
Wands
 s - a wand of polymorph (23)
 C - a wand of acid (24)
 E - a wand of flame (23)
 U - a wand of mindburst (13)
Scrolls
 e - 12 scrolls of teleportation
 g - a scroll of torment
 i - 2 scrolls of noise
 j - 2 scrolls of poison
 n - 5 scrolls of enchant weapon
 p - 3 scrolls of vulnerability
 t - 5 scrolls of magic mapping
 u - 2 scrolls of identify
 w - 2 scrolls of silence
 z - a scroll of brand weapon
 D - a scroll of immolation
 F - 2 scrolls of blinking
 L - a scroll of fog
 V - a scroll of butterflies
Potions
 c - 5 potions of curing
 h - 7 potions of haste
 k - 2 potions of resistance
 l - a potion of attraction
 m - a potion of ambrosia
 v - 4 potions of brilliance
 A - 3 potions of magic
 G - 3 potions of heal wounds
 H - 2 potions of flight
 O - 2 potions of lignification
 Q - a potion of invisibility
 T - a potion of might


   Skills:
 + Level 1.7 Fighting
 + Level 0.4 Short Blades
 + Level 1.9 Axes
 * Level 2.9 Armour
 + Level 5.6 Dodging
 + Level 4.7 Stealth
 + Level 19.4 Spellcasting
 * Level 11.3 Conjurations
 + Level 4.6 Hexes
 + Level 5.5 Summonings
 + Level 1.7 Translocations
 * Level 14.9 Fire Magic
 * Level 6.2 Ice Magic
 + Level 4.1 Air Magic
 + Level 4.7 Poison Magic
 * Level 6.4 Invocations


You couldn't memorise any spells.
You knew the following spells:

 Your Spells              Type           Power      Damage    Failure   Level
a - Foxfire               Conj/Fire      100%       2x1d9     0%          1
b - Iskenderun's Mystic   Conj/Tloc      64%        2d13      1%          4
c - Inner Flame           Hex/Fire       96%        N/A       1%          3
d - Flame Wave            Conj/Fire      100%       2d21      1%          4
e - Scorch                Fire           100%       2d10      0%          2
f - Starburst             Conj/Fire      53%        6d14      1%          6
g - Mephitic Cloud        Conj/Pois/Air  65%        N/A       1%          3
h - Summon Lightning Spi  Summ/Air       58%        N/A       3%          4
i - Summon Ice Beast      Ice/Summ       80%        N/A       2%          4
j - Ignition              Fire           56%        3d15      36%         8
k - Orb of Destruction    Conj           40%        9d11      22%         7
m - Metabolic Englaciati  Hex/Ice        39%        N/A       8%          5

Your spell library contained the following spells:

 Spells                   Type           Power      Damage    Failure   Level
 Apportation              Tloc           82%        N/A       1%          1
 Magic Dart               Conj           100%       1d8       1%          1
 Summon Small Mammal      Summ           100%       N/A       1%          1
 Call Imp                 Summ           61%        N/A       1%          2
 Cigotuvi's Dreadful Rot  Necr/Pois/Air  98%        N/A       1%          2
 Ensorcelled Hibernation  Hex/Ice        100%       N/A       1%          2
 Searing Ray              Conj           100%       2d8       1%          2
 Dazzling Flash           Conj/Hex       100%       N/A       1%          3
 Frozen Ramparts          Ice            100%       1d16      1%          3
 Kindle Blastsparks       Fire/Tloc/Air  100%       2d18      1%          3
 Swiftness                Air            55%        N/A       1%          3
 Fulminant Prism          Conj/Hex       35%        3d18      1%          4
 Iskenderun's Battlesphe  Conj           80%        2d13      1%          5
 Beastly Appendage        Tmut           62%        N/A       2%          1
 Necrotise                Necr           100%       1d9       2%          1
 Passwall                 Tmut/Erth      25%        N/A       3%          2
 Wereblood                Tmut           31%        N/A       3%          2
 Gell's Gravitas          Tloc           41%        N/A       3%          3
 Spider Form              Tmut/Pois      46%        N/A       3%          3
 Teleport Other           Tloc           41%        N/A       3%          3
 Olgreb's Toxic Radiance  Pois           57%        N/A       3%          4
 Arcjolt                  Conj/Air       34%        1d44      3%          5
 Lightning Bolt           Conj/Air       34%        1d52      3%          5
 Airstrike                Air            27%        2d(4-20)  4%          4
 Ice Form                 Ice/Tmut       67%        N/A       7%          4
 Anguish                  Hex/Necr       22%        N/A       10%         4
 Animate Dead             Necr           31%        N/A       26%         4
 Dispel Undead            Necr           31%        3d14      26%         4
 Iron Shot                Conj/Erth      30%        9d6       36%         6
 Spellforged Servitor     Conj/Summ      35%        N/A       56%         7
 Ozocubu's Refrigeration  Ice            41%        4d16      86%         7
 Dispersal                Tloc           20%        N/A       89%         6
 Death Channel            Necr           15%        N/A       98%         6
 Malign Gateway           Summ/Tloc      26%        N/A       99%         7
 Haunt                    Necr/Summ      24%        N/A       100%        7
 Storm Form               Tmut/Air       22%        N/A       100%        7
 Infestation              Necr           15%        N/A       100%        8
 Maxwell's Capacitive Co  Air            27%        ∞         100%        8


Dungeon Overview and Level Annotations

Branches:
Dungeon (13/15)            Temple (1/1) D:5            Lair (5/5) D:11
  Swamp (0/4) Lair:3       Spider (0/4) Lair:2        Slime (0/5) Lair:5
    Orc (2/2) D:10          IceCv (visited)         Volcano (visited)
    Elf: Orc:2       Vaults: D:13-14

Altars:
Ashenzari
Cheibriados
Dithmenos
Elyvilon
Fedhas
Gozag
Hepliaklqana
Kikubaaqudgha
Makhleb
Nemelex Xobeh
Okawaru
Qazlal
Ru
Sif Muna
Trog
Uskayaw
Vehumet
Wu Jian
Xom
Yredelemnul
Zin
The Shining One
Jiyva

Shops:
D:6 *   D:11 *(   D:12 [

Portals:
Hell: Lair:5

Annotations:
D:6 1 runed translucent door, Crazy Yiuf
D:12 exclusion: obsidian statue


Innate Abilities, Weirdness & Mutations

You have a somewhat thin skeletal structure. (Dex +2, Stealth+)
Your skin changes colour to match your surroundings (Stealth+).
You possess an exceptional clarity of mind.


Message History

The warg is severely wounded.
The warg barely misses you.
The ettin is engulfed in noxious fumes.
The ettin appears confused.
The warg bites you but does no damage.
A cyclops comes into view.
Casting: Scorch (safe; 0% risk of failure)
Confirm with . or Enter, or press ? or * to list all spells.
Casting: Starburst (dangerous; 1% risk of failure)
Press: ? - help, Dir - look around, f - activate
Okay, then.
Unknown command.
Unknown command.
J - a staff of fire (weapon)
The ettin is engulfed in noxious fumes.
The ettin appears confused.
Casting: Starburst (dangerous; 1% risk of failure)
Confirm with . or Enter, or press ? or * to list all spells.
Okay, then.
Unknown command.
Unknown command.
The warg barely misses you.
The ettin hits the warg with a +0 dire flail!!
The warg is killed!
Sif Muna accepts your kill.
There is a stone staircase leading up here.
Casting: Starburst (dangerous; 1% risk of failure)
Confirm with . or Enter, or press ? or * to list all spells.
Casting: Starburst (dangerous; 1% risk of failure)
Press: ? - help, Dir - look around, f - activate You feel a surge of power!
The bolt of fire hits the ettin!!!
Sif Muna accepts your kill.
The ettin explodes!
The fiery explosion engulfs you! You resist.
The fiery explosion engulfs your lightning spire.
Your lightning spire resists.
Your lightning spire is lightly damaged.
Your lightning spire disappears in a puff of smoke!
You hear a shout! x5
The cyclops throws a large rock.
The large rock hits you!!
* * * LOW HITPOINT WARNING * * *
The cyclops throws a large rock.
The large rock hits you!!
You die...

......... #.........
.........# #.
#.........### ..
##............ #..
##............
...##.(..........####
...........##...@...# #
...........#.....§..# .##
..........###..§§§..#...#P
#....<).####C###§§$.......
.....o...##......§..C.#...
.[.oh.(.C.#C...○..........
.C)o......$$.#.......#PC..
)(...C.#............##C...
C..###.#..........### .C.


You could see an ettin and 3 cyclopes.

Vanquished Creatures
  2 ettins (Orc:2)
  2 hydras (Lair:5)
  A catoblepas (Lair:5)
  4 two-headed ogres
  9 death yaks
  3 boulder beetles
  Urug (Lair:5)
  Amaemon (Lair:2)
  4 skeletal warriors (D:12)
  Sonja (Lair:5)
  A salamander mystic (Volcano)
  A bog body (Lair:3)
  A wizard (Lair:5)
  3 ugly things
  An oklob plant (Lair:5)
  A manticore (D:12)
  A salamander (Volcano)
  2 orc sorcerers (Orc:1)
  8 cyclopes
  5 black mambas
  Maurice (D:9)
  10 elephants
  3 molten gargoyles (Volcano)
  2 orange demons
  2 ice statues (IceCv)
  A gargoyle (D:11)
  A smoke demon (Lair:5)
  8 cane toads
  An unseen horror (D:10)
  5 rime drakes
  7 komodo dragons
  A tengu conjurer (D:13)
  3 ice devils (Lair:5)
  2 polar bears
  5 trolls
  2 red devils (Lair:5)
  A nameless horror (Lair:1)
  2 hornets (D:10)
  14 blink frogs
  5 dream sheep (Lair:4)
  A spriggan (Lair:2)
  4 slime creatures (D:12)
  2 shadows
  A culicivora (Lair:2)
  4 wyverns
  A wraith (D:11)
  Grum (D:8)
  45 yaks
  2 steam dragons
  2 basilisks
  3 vampire mosquitoes
  2 death yak simulacra (IceCv)
  A warg (Orc:2)
  2 hell hounds (Lair:5)
  2 acid dragons
  A hydra simulacrum (IceCv)
  10 water moccasins
  3 black bears
  A sky beast (D:4)
  3 ice beasts
  15 orc warriors
  6 ogres
  3 centaurs
  21 wolves
  A phantom (D:6)
  A kobold brigand (D:10)
  5 gnoll sergeants (D:10)
  2 scorpions
  9 bullfrogs
  6 necrophages
  2 two-headed ogre simulacra (D:12)
  5 wights (D:9)
  10 killer bees
  A howler monkey (D:6)
  3 hounds
  3 jellies
  4 gnoll boudas
  6 orc priests
  9 orc wizards
  3 spriggan simulacra (D:12)
  A troll simulacrum (D:12)
  A wolf simulacrum (IceCv)
  7 adders
  27 gnolls
  2 naga simulacra (D:12)
  A shadow imp (D:6)
  2 white imps
  3 worms
  3 dart slugs
  64 orcs
  5 ball pythons
  9 endoplasms
  4 giant cockroaches
  8 goblins
  4 hobgoblins
  4 jackals (D:2)
  A quokka (D:2)
  4 bats
  2 frilled lizards
  9 kobolds
  7 rats
  A foxfire (Lair:5)
  2 fulminant prisms (Volcano)
505 creatures vanquished.

Vanquished Creatures (collateral kills)
  A red draconian (Volcano)
  A salamander (Volcano)
  2 cyclopes (Orc:2)
  A molten gargoyle (Volcano)
  A gargoyle (Volcano)
  2 burning bushes (Lair:1)
  A hell hound (Lair:5)
  An orc warrior (Orc:1)
  An ogre (Orc:2)
  2 orc priests (Orc:2)
  An orc wizard (Orc:1)
  4 orcs
  10 foxfires
28 creatures vanquished.

Vanquished Creatures (others)
  A molten gargoyle (Volcano)
  An orc wizard (Orc:1)
  A bush (Lair:5)
  1025 foxfires
  33 fulminant prisms
  40 fungi
  31 plants
1132 creatures vanquished.

Grand Total: 1665 creatures vanquished

Notes
Turn   | Place    | Note
-------+----------+-------------------------------------------
     0 | D:1      | Conn the Deep Elf Fire Elementalist began the quest for the
                  | Orb.
     0 | D:1      | Reached XP level 1. HP: 10/10 MP: 6/6
   241 | D:1      | Reached XP level 2. HP: 15/15 MP: 5/8
   373 | D:1      | Found a faded altar of an unknown god.
   579 | D:1      | Learned a level 2 spell: Scorch
   743 | D:2      | Reached XP level 3. HP: 19/19 MP: 7/10
   986 | D:2      | Reached skill level 4 in Spellcasting
  1177 | D:2      | Reached XP level 4. HP: 23/24 MP: 12/12
  1720 | D:3      | Reached XP level 5. HP: 15/28 MP: 12/14
  1743 | D:3      | Learned a level 3 spell: Inner Flame
  2359 | D:4      | Noticed a centaur
  2363 | D:4      | Killed a centaur
  2364 | D:4      | Reached skill level 5 in Spellcasting
  2366 | D:4      | Reached skill level 5 in Fire Magic
  2366 | D:4      | Reached XP level 6. HP: 19/32 MP: 6/16
  2542 | D:4      | Found a bloodstained altar of Trog.
  2803 | D:4      | Noticed an ice beast
  2848 | D:4      | Killed an ice beast
  2849 | D:4      | Reached skill level 6 in Spellcasting
  2849 | D:4      | Reached XP level 7. HP: 36/36 MP: 18/18
  3471 | D:5      | Entered Level 5 of the Dungeon
  3505 | D:5      | Reached skill level 7 in Spellcasting
  3606 | D:5      | Reached skill level 8 in Spellcasting
  3606 | D:5      | Reached XP level 8. HP: 41/41 MP: 10/22
  3717 | D:5      | Reached skill level 5 in Conjurations
  3717 | D:5      | Reached skill level 1 in Hexes
  4129 | D:5      | Identified the +1 war axe "Xeupt" {speed, rPois rN++ Will++
                  | Dex-2}
  4153 | D:5      | Reached skill level 9 in Spellcasting
  4230 | D:5      | Found a snail-covered altar of Cheibriados.
  4482 | D:5      | Found a staircase to the Ecumenical Temple.
  4583 | Temple   | Entered the Ecumenical Temple
  4628 | Temple   | Became a worshipper of Sif Muna the Loreminder
  5214 | D:6      | Found Hiepuikk's Lightly-Used Armoury.
  5506 | D:6      | Found a runed translucent door.
  5507 | D:6      | Noticed Crazy Yiuf
  5515 | D:6      | Learned a level 4 spell: Flame Wave
  5520 | D:6      | Learned a level 4 spell: Iskenderun's Mystic Blast
  5527 | D:6      | Learned a level 6 spell: Starburst
  5583 | D:6      | Identified a scroll of acquirement
  5583 | D:6      | Acquired 768 gold pieces
  5738 | D:7      | Reached skill level 10 in Spellcasting
  5913 | D:7      | Reached skill level 1 in Axes
  5938 | D:7      | Identified the +4 quarterstaff of the Reasonable God
                  | {freeze, Int+4}
  5969 | D:7      | Reached XP level 9. HP: 46/46 MP: 25/25
  6613 | D:7      | Reached skill level 11 in Spellcasting
  6951 | D:8      | Found a shadowy altar of Dithmenos.
  7044 | D:8      | Reached * piety under Sif Muna
  7045 | D:8      | Reached skill level 12 in Spellcasting
  7391 | D:8      | You fall into a shaft and drop 3 floors!
  7480 | D:11     | Noticed a gargoyle
  7497 | D:11     | Reached XP level 10. HP: 41/51 MP: 23/28
  7498 | D:11     | Killed a gargoyle
  7499 | D:11     | Reached skill level 13 in Spellcasting
  7623 | D:10     | Entered Level 10 of the Dungeon
  7623 | D:10     | Noticed a two-headed ogre
  7676 | D:11     | Found Joixees's Antique Weapon Emporium.
  8215 | D:8      | Found a broken altar of Ashenzari.
  8215 | D:8      | Found a stormy altar of Qazlal.
  8215 | D:8      | Found an ancient bone altar of Kikubaaqudgha.
  8633 | D:8      | Noticed Grum
  8641 | D:8      | Killed Grum
  8649 | D:8      | Reached skill level 14 in Spellcasting
  8649 | D:8      | Found a sparkling altar of Nemelex Xobeh.
  8650 | D:8      | Found an opulent altar of Gozag.
  8979 | D:9      | Reached ** piety under Sif Muna
  8984 | D:9      | Reached skill level 1 in Fighting
  8987 | D:9      | Reached skill level 1 in Translocations
  8991 | D:9      | Reached skill level 10 in Fire Magic
  9145 | D:9      | Found a sacrificial altar of Ru.
  9158 | D:9      | Noticed Maurice
  9168 | D:9      | Killed Maurice
  9169 | D:9      | Reached XP level 11. HP: 39/56 MP: 30/31
  9543 | D:9      | Found a blossoming altar of Fedhas.
  9652 | D:10     | Found a glowing silver altar of Zin.
  9655 | D:10     | Reached skill level 15 in Spellcasting
  9720 | D:10     | Noticed a two-headed ogre
  9732 | D:10     | Killed a two-headed ogre
  9891 | D:10     | Reached *** piety under Sif Muna
 10123 | D:10     | Found a staircase to the Orcish Mines.
 10340 | D:10     | Killed a two-headed ogre
 10629 | D:10     | Reached skill level 1 in Armour
 10875 | D:11     | Learned a level 3 spell: Mephitic Cloud
 10878 | D:11     | Learned a level 2 spell: Call Imp
 10883 | D:11     | Learned a level 4 spell: Summon Ice Beast
 10900 | D:11     | Found a staircase to the Lair.
 10906 | Lair:1   | Entered Level 1 of the Lair of Beasts
 11163 | Lair:1   | Upgraded the game from 0.30-a0-737-gf23d94013f to
                  | 0.30-a0-739-gea05faddec
 11240 | Lair:1   | Reached skill level 16 in Spellcasting
 11448 | Lair:1   | You fall into a shaft and drop 1 floor!
 11484 | Lair:2   | Reached skill level 5 in Dodging
 11489 | Lair:2   | Reached XP level 12. HP: 30/60 MP: 17/34
 11496 | Lair:2   | Reached skill level 10 in Conjurations
 11673 | Lair:2   | Noticed Amaemon
 11808 | Lair:2   | Reached **** piety under Sif Muna
 11923 | Lair:2   | Killed Amaemon
 11924 | Lair:2   | Reached skill level 1 in Ice Magic
 12096 | Lair:2   | Found a hole to the Spider Nest.
 12107 | Lair:2   | Reached skill level 1 in Summonings
 12526 | Lair:1   | Reached skill level 1 in Poison Magic
 12542 | Lair:1   | Reached skill level 17 in Spellcasting
 13364 | Lair:3   | Found a staircase to the Swamp.
 13375 | Lair:3   | Reached skill level 1 in Air Magic
 13523 | Lair:3   | Learned a level 8 spell: Ignition
 13525 | Lair:3   | Acquired 1075 gold pieces
 13663 | Lair:3   | Noticed a death yak
 13667 | Lair:3   | Killed a death yak
 13698 | Lair:3   | Noticed a death yak
 13703 | Lair:3   | Noticed a death yak
 13715 | Lair:3   | Killed a death yak
 13718 | Lair:3   | Killed a death yak
 14563 | Lair:4   | Noticed a boulder beetle
 14602 | Lair:4   | Reached skill level 1 in Invocations
 14612 | Lair:4   | Killed a boulder beetle
 14613 | Lair:4   | Reached XP level 13. HP: 30/66 MP: 3/36
 14955 | Lair:4   | Gained mutation: Your body sometimes deteriorates upon
                  | taking damage. [potion of mutation]
 14955 | Lair:4   | Gained mutation: You are partially covered in iridescent
                  | scales. (AC +2) [potion of mutation]
 14956 | Lair:4   | Lost mutation: You are partially covered in iridescent
                  | scales. (AC +2) [potion of mutation]
 14956 | Lair:4   | Lost mutation: Your body sometimes deteriorates upon taking
                  | damage. [potion of mutation]
 14956 | Lair:4   | Gained mutation: You possess an exceptional clarity of
                  | mind. [potion of mutation]
 14956 | Lair:4   | Gained mutation: Your skin changes colour to match your
                  | surroundings (Stealth+). [potion of mutation]
 14956 | Lair:4   | Gained mutation: You have a somewhat thin skeletal
                  | structure. (Dex +2, Stealth+) [potion of mutation]
 15030 | Lair:4   | Found a dark tunnel.
 15036 | Volcano  | Entered a volcano
 15046 | Volcano  | Learned a level 3 spell: Frozen Ramparts
 15051 | Volcano  | Learned a level 4 spell: Fulminant Prism
 15613 | Volcano  | Noticed a red draconian
 15667 | Volcano  | Killed a red draconian
 15810 | Volcano  | Noticed an orb of fire
 16101 | Volcano  | Noticed an orb of fire
 16988 | Lair:5   | Entered Level 5 of the Lair of Beasts
 17051 | Lair:5   | Found a viscous altar of Jiyva.
 17052 | Lair:5   | Found a staircase to the Slime Pits.
 17113 | Lair:5   | HP: 2/66 [boulder beetle (16)]
 17115 | Lair:5   | Reached skill level 18 in Spellcasting
 17333 | Lair:5   | Reached skill level 5 in Ice Magic
 17686 | Lair:5   | Noticed Sonja
 17692 | Lair:5   | Killed Sonja
 17693 | Lair:5   | Reached XP level 14. HP: 46/71 MP: 11/38
 18065 | Lair:5   | Reached ***** piety under Sif Muna
 18065 | Lair:5   | Received a gift from Sif Muna
 18147 | Lair:5   | Got Sif Muna's Spellbook of the Compass and Congelation
                  | {god gift}
 18154 | Lair:5   | Learned a level 5 spell: Metabolic Englaciation
 18202 | Lair:5   | Found a burning altar of Makhleb.
 18206 | Lair:5   | Reached skill level 5 in Invocations
 18340 | Lair:5   | Noticed Urug
 18347 | Lair:5   | Killed Urug
 18348 | Lair:5   | Reached skill level 5 in Summonings
 18804 | Lair:5   | Found a gateway to Hell.
 19192 | D:11     | Found Utam's Demolitions Depot.
 19201 | D:11     | Bought a book of Storms for 512 gold pieces
 19201 | D:11     | Bought a book of Power for 672 gold pieces
 19665 | D:12     | Reached skill level 19 in Spellcasting
 19938 | D:12     | Found a frozen archway.
 19959 | IceCv    | Entered an ice cave
 19968 | IceCv    | Received a gift from Sif Muna
 20130 | IceCv    | Got Nutoarr's Almanac of Injurious Immolation {god gift}
 20138 | IceCv    | Found a transporter.
 20147 | IceCv    | Found a transporter.
 20405 | D:12     | Found Doewneg's Armour Emporium.
 21039 | D:12     | Learned a level 4 spell: Summon Lightning Spire
 21047 | D:12     | Learned a level 7 spell: Orb of Destruction
 21119 | Orc:1    | Entered Level 1 of the Orcish Mines
 21328 | Orc:2    | Entered Level 2 of the Orcish Mines
 21525 | Orc:2    | Hit by a large rock thrown by a cyclops

Illustrated notes

Levels and vault maps discovered:
D:1:      dpeg_arrival_solitude, layout_rooms, ebering_ecumenical_altar_mist,
          chequers_avenue, roderic_roman_lattice, st_stairs_8
D:2:      layout_loops_cross
D:3:      layout_loops_ring
D:4:      layout_cave_pods, trog_three_pillars_becter, st_stairs_4
D:5:      layout_basic, kennysheep_little_box, minmay_temple_entry_offerings,
          minmay_pentangle
D:6:      layout_basic, minmay_shop_damaged, uniq_crazy_yiuf_cottage
D:7:      layout_loops_corners
D:8:      layout_loops_corners, gammafunk_temple_overflow_forgotten,
          grunt_temple_overflow_opulence, mainiacjoe_overflow_catwalk, uniq_grum
D:9:      layout_irregular_city, fedhas_altar_3, nicolae_ru_awakened_eye,
          uniq_maurice
D:10:     layout_irregular_city, overflow_temple_1_default,
          kennysheep_orc_monster_closet_entryway, grunt_decor_cap,
          grunt_ministairs_9, minmay_misc_feat_nine_boxes
D:11:     layout_roguey, lair_entry_dummy, serial_shops, shop,
          nicolae_blasting_shop
D:12:     layout_rooms, portal_ice_cave_entry_ice_simulacra, serial_shops, shop,
          minivault_16
D:13:     layout_stronghold, david_vaults_3, st_stairs_11, uniq_lodul
Temple:   grunt_temple_mini_profane
Lair:1:   layout_cave_shapes, evilmike_ambush [evilmike_ambush_outer_basic,
          evilmike_ambush_inner_basic], grunt_megastairs_4
Lair:2:   layout_roguey, hellmonk_spider_entry_life_and_decay,
          grunt_forest_stairs_clearing, uniq_amaemon
Lair:3:   layout_cellular_growth, skrybe_swamp_entry_bodies, lemuel_fruit_tree
Lair:4:   layout_loops_ring, nicolae_volcano_entry_two_sided,
          serial_bayou_shore_b
Lair:5:   evil_forest, layout_cave_pods, slime_entry_1, dpeg_oklob_1,
          lemuel_fruit_fields, uniq_sonja, uniq_urug
Orc:1:    layout_caves, basic_altar
Orc:2:    grunt_orc_gardens, layout_diamond_mine, grunt_orc_garden,
          grunt_orc_garden, grunt_orc_garden, grunt_orc_garden, mines5_lemuel

Skill      XL: |  1  2  3  4  5  6  7  8  9 10 11 12 13 14 |
---------------+-------------------------------------------+-----
Conjurations   | 2 3 4 5 6 7 9 10 11 | 11.3
Spellcasting   | 4 5 6 8 10 12 14 16 17 18 19 | 19.4
Fire Magic     | 4 5 6 7 8 10 11 12 13 14 | 14.9
Stealth        | 3 4 |  4.7
Hexes          | 2 3 4 |  4.6
Dodging        | 3 4 5 |  5.6
Axes           | 1 |  1.9
Fighting       | 1 |  1.7
Translocations | 1 |  1.7
Armour         | 1 2 |  2.9
Ice Magic      | 3 5 6 |  6.2
Summonings     | 3 4 5 |  5.5
Poison Magic   | 3 4 |  4.7
Air Magic      | 2 4 |  4.1
Invocations    | 1 4 6 |  6.4
Short Blades   | |  0.4

Action                     |  1- 3 |  4- 6 |  7- 9 | 10-12 | 13-15 || total
---------------------------+-------+-------+-------+-------+-------++-------
  Melee: Dagger            |    11 |    12 |     4 |       |       ||    27
         War axe           |       |       |    28 |     7 |    21 ||    56
         Staff             |       |       |       |       |    10 ||    10
   Cast: Foxfire           |    60 |    84 |   108 |   192 |   146 ||   590
         Scorch            |       |    10 |    40 |   106 |   100 ||   256
         Inner Flame       |       |     1 |     9 |    10 |    12 ||    32
         Flame Wave        |       |       |     9 |    44 |    14 ||    67
         Iskenderun's Myst |       |       |       |     5 |    18 ||    23
         Starburst         |       |       |       |    11 |    64 ||    75
         Summon Ice Beast  |       |       |       |    11 |    27 ||    38
         Mephitic Cloud    |       |       |       |     3 |    34 ||    37
         Call Imp          |       |       |       |     2 |    15 ||    17
         Fulminant Prism   |       |       |       |       |    35 ||    35
         Frozen Ramparts   |       |       |       |       |     5 ||     5
         Metabolic Englaci |       |       |       |       |     4 ||     4
         Summon Lightning  |       |       |       |       |     4 ||     4
 Invoke: Channel Magic     |       |       |       |     1 |     3 ||     4
  Evoke: Wand              |       |       |     1 |       |     1 ||     2
    Use: Potion            |       |     2 |     5 |     3 |     7 ||    17
         Scroll            |       |       |    11 |    11 |    11 ||    33
   Stab: Sleeping          |     2 |     1 |     1 |       |     1 ||     5
         Confused          |       |       |       |       |     1 ||     1
 Armour: Robe              |     5 |     4 |     5 |     4 |       ||    18
         Acid dragon scale |       |       |       |    24 |    10 ||    34
         Skin              |       |       |       |    12 |    10 ||    22
         Leather armour    |       |       |       |       |    16 ||    16
  Dodge: Dodged            |     8 |    13 |    65 |    83 |    75 ||   244
  Block: Buckler           |       |       |       |       |     4 ||     4

Table legend: (Time is in decaauts)
 A = Elapsed time spent in this place.
 B = Non-inter-level travel time spent in this place.
 C = Inter-level travel time spent in this place.
 D = Time resting spent in this place.
 E = Time spent auto-exploring this place.
 F = Levels seen in this place.
 G = Mean time per level.
                   A        B        C        D        E       F      G
               +--------+--------+--------+--------+--------+-----+--------+
         Total |  21503 |  20914 |    589 |   1423 |  14375 |  23 |  934.9 |
       Dungeon |  12422 |  12068 |    354 |    356 |   8682 |  13 |  955.5 |
        Temple |    238 |    233 |      5 |      0 |    151 |   1 |  238.0 |
          Lair |   6937 |   6716 |    221 |    506 |   4780 |   5 | 1387.4 |
  Orcish Mines |    406 |    398 |      8 |    107 |    149 |   2 |  203.0 |
      Ice Cave |    329 |    329 |      0 |    241 |      0 |   1 |  329.0 |
       Volcano |   1169 |   1169 |      0 |    213 |    612 |   1 | 1169.0 |
               +--------+--------+--------+--------+--------+-----+--------+

Top non-repeatable levels by time:
  Lair:5: 1785 daAuts
  Lair:4: 1568 daAuts
     D:8: 1488 daAuts
  Lair:1: 1243 daAuts
     D:5: 1222 daAuts
  Lair:3: 1202 daAuts
 Volcano: 1169 daAuts
     D:7: 1167 daAuts
    D:11: 1149 daAuts
  Lair:2: 1137 daAuts
    D:12: 1120 daAuts
     D:4: 1111 daAuts
    D:10: 1010 daAuts
     D:9: 1001 daAuts
     D:2: 992 daAuts
